cohdb
Replays
Latest Replays
All Replays
Popular Replays
Top Player Replays
Match Explorer
How It Works
Community
CoH3 Stats
Reddit
Sign in to upload your games and track your stats! →
Sign in with Steam
Match 34273568
Unlisted
Match 34273568
Overview
Messages
Build Orders
End
Kradschützen Motorcycle Team
Panzergrenadier Squad
Panzergrenadier Squad
250 Light Carrier
Panzergrenadier Squad
Construct Light Support Kompanie
MG34 Team
Combat Half-tracks
Construct Mechanized Kompanie
Panzerjäger Mechanized Group
8 Rad Armored Car
Panzerpioneer Squad
Selects Armored Support Battlegroup
Selects Superior Fire Drills
Selects Salvage Kits
Selects Panzer Storm
Selects Superior Fire Drills
Panzergrenadier Squad
Selects Flammpanzer III Medium Tank
Flammpanzer III Medium Tank
ZRL454
Schmutz
Always Eager To Surf
Bruistablet
0
0
Comments
sign in to comment!
No comments posted yet!